Map: Frozen Temple

Players

Domi

  • Race: Protoss Protoss
  • League: Master

Barcode - Winner!

  • Race: Zerg Zerg
  • League: Master

VOD

Have the link to the VOD?

Description

Time

  • Played on: May 4, 2016, 5:49 a.m.
  • Length: 10:14
Show
View Real Time Build Order
Export as new Build Order

Domi Protoss 

Build Orders: 1 Gate Expand, Zealot Archon 

Get SALT Encoding   

  12  0:01  Probe (Chrono Boost)  
  13  0:11  Probe (Chrono Boost)  
  14  0:18  Pylon  
  14  0:22  Probe (Chrono Boost)  
  15  0:36  Probe (Chrono Boost)  
  16  0:44  Gateway  
  16  0:46  Probe (Chrono Boost)  
  17  1:13  Nexus  
  17  1:18  Probe (Chrono Boost)  
  18  1:24  Assimilator  
  18  1:29  Probe (Chrono Boost)  
  19  1:39  Probe (Chrono Boost)  
  20  1:45  Cybernetics Core  
  20  1:50  Probe (Chrono Boost), Assimilator  
  21  2:00  Probe (Chrono Boost)  
  22  2:03  Pylon  
  22  2:11  Probe (Chrono Boost)  
  23  2:21  Adept (Chrono Boost), Probe (Chrono Boost), Warp Gate (Chrono Boost)  
  26  2:24  Probe (Chrono Boost)  
  27  2:34  Probe x2  
  29  2:45  Probe  
  29  2:46  Probe, Stalker (Chrono Boost)  
  33  2:55  Probe  
  33  2:58  Probe  
  35  3:10  Nexus  
  35  3:18  Pylon  
  35  3:19  Adept (Chrono Boost)  
  37  3:20  Mothership Core  
  37  3:26  Probe  
  40  3:37  Pylon  
  40  3:38  Probe  
  40  3:40  Probe  
  41  3:45  Adept (Chrono Boost)  
  44  3:50  Probe  
  44  3:52  Probe  
  46  4:03  Probe (Chrono Boost), Assimilator  
  46  4:04  Pylon, Probe (Chrono Boost)  
  48  4:14  Probe (Chrono Boost)  
  48  4:15  Probe (Chrono Boost)  
  50  4:23  Twilight Council  
  50  4:25  Forge, Probe (Chrono Boost)  
  50  4:28  Gateway  
  50  4:29  Gateway  
  51  4:37  Sentry  
  53  4:46  Pylon  
  53  5:02  Stalker  
  50  5:08  Probe (Chrono Boost)  
  50  5:09  Probe x2 (Chrono Boost)  
  50  5:11  Photon Cannon  
  52  5:15  Photon Cannon  
  52  5:17  Pylon  
  52  5:19  Pylon, Probe x2 (Chrono Boost)  
  52  5:20  Protoss Ground Weapons Level 1  
  54  5:25  Dark Shrine  
  53  5:28  Zealot  
  53  5:29  Zealot  
  53  5:34  Zealot  
  55  5:37  Probe x2 (Chrono Boost)  
  57  5:51  Zealot  
  57  5:52  Zealot  
  57  5:56  Probe x2 (Chrono Boost)  
  56  5:57  Probe (Chrono Boost)  
  49  6:09  Zealot  
  46  6:15  Gateway  
  46  6:16  Gateway, Zealot  
  46  6:17  Zealot  
  49  6:28  Gateway, Pylon  
  49  6:30  Zealot  
  45  6:42  Zealot  
  39  6:47  Probe x2  
  39  6:51  Dark Templar  
  43  6:58  Dark Templar  
  43  7:00  Nexus  
  37  7:03  Probe (Chrono Boost)  
  37  7:04  Probe (Chrono Boost)  
  35  7:15  Probe (Chrono Boost)  
  36  7:16  Probe (Chrono Boost)  
  36  7:17  Dark Templar  
  39  7:27  Gateway  
  39  7:28  Probe (Chrono Boost)  
  40  7:37  Archon, Dark Templar  
  40  7:41  Zealot  
  44  7:45  Sentry x2  
  44  7:48  Probe x2 (Chrono Boost)  
  50  7:54  Zealot  
  52  7:59  Probe (Chrono Boost)  
  52  8:00  Probe (Chrono Boost)  
  52  8:05  Sentry  
  56  8:09  Probe (Chrono Boost)  
  56  8:10  Probe (Chrono Boost)  
  58  8:14  Probe (Chrono Boost)  
  59  8:23  Zealot x2  
  59  8:26  Probe (Chrono Boost)  
  64  8:28  Probe (Chrono Boost)  
  64  8:30  Probe (Chrono Boost)  
  66  8:36  Probe (Chrono Boost)  
  66  8:39  Probe (Chrono Boost)  
  67  8:41  Dark Templar, Probe (Chrono Boost)  
  67  8:47  Dark Templar, Probe (Chrono Boost)  
  72  8:51  Probe (Chrono Boost)  
  72  8:54  Archon  
  73  8:56  Zealot x2  
  73  8:58  Probe (Chrono Boost)  
  78  9:03  Probe x2 (Chrono Boost)  
  78  9:09  Dark Templar, Probe (Chrono Boost)  
  83  9:10  Zealot  
  83  9:15  Pylon, Probe (Chrono Boost)  
  82  9:29  Zealot x4  
  62  9:36  Dark Templar  
  59  9:42  Stalker  
  55  9:49  Stalker x2  
  53  9:52  Stalker  
  53  9:58  Dark Templar  
  51  10:05  Stalker  
  51  10:10  Zealot  
Show
View Real Time Build Order
Export as new Build Order

Barcode Zerg - Winner!

Build Orders: 3 Hatch before Pool, Zergling Baneling 

Get SALT Encoding   

  12  0:01  Drone  
  13  0:08  Drone  
  14  0:21  Extractor x2  
  14  0:22  Drone x2  
  16  0:43  Hatchery  
  16  0:49  Overlord  
  15  1:09  Drone x2  
  17  1:21  Drone x2  
  19  1:31  Drone  
  20  1:33  Hatchery  
  20  1:39  Extractor  
  18  1:41  Drone  
  18  1:46  Spawning Pool  
  18  1:52  Drone  
  19  2:02  Drone  
  19  2:08  Drone x2  
  22  2:14  Drone  
  23  2:16  Drone  
  24  2:25  Drone  
  24  2:27  Drone  
  26  2:42  Queen  
  26  2:43  Metabolic Boost  
  26  2:44  Queen  
  28  2:45  Queen  
  28  2:48  Zergling x2  
  28  2:50  Zergling x2  
  34  2:54  Overlord  
  34  3:19  Drone x5  
  39  3:20  Drone x3  
  42  3:30  Overlord  
  42  3:31  Overlord  
  42  3:33  Overlord  
  42  3:46  Baneling Nest  
  42  3:48  Zergling x2  
  41  3:52  Zergling x10  
  46  3:57  Zergling x12  
  46  3:58  Zergling x2  
  46  4:01  Zergling x2  
  46  4:02  Zergling x4  
  56  4:08  Zergling x2  
  57  4:11  Overlord x2  
  54  4:31  Baneling  
  54  4:32  Baneling x8  
  54  4:35  Drone x2  
  54  4:36  Zergling x16  
  51  5:08  Zergling x2  
  51  5:09  Zergling x20  
  61  5:21  Drone x2  
  61  5:24  Zergling x6  
  61  5:25  Zergling x6  
  68  5:35  Zergling x4  
  67  5:38  Pneumatized Carapace  
  67  5:40  Drone  
  67  5:41  Extractor  
  67  5:43  Zergling x2  
  67  5:44  Zergling x14  
  67  5:45  Zergling x2  
  69  5:54  Zergling x6  
  68  6:01  Zergling x6  
  69  6:10  Evolution Chamber  
  66  6:12  Evolution Chamber  
  66  6:15  Drone x2  
  66  6:16  Drone x6  
  66  6:18  Overlord x4  
  71  6:33  Spore Crawler  
  67  6:40  Spore Crawler  
  67  6:41  Spore Crawler  
  56  6:54  Drone x2  
  56  6:55  Drone x4  
  56  6:56  Drone  
  56  6:57  Drone, Zergling x6  
  56  6:58  Zergling x6  
  67  7:02  Spine Crawler  
  67  7:05  Spine Crawler  
  67  7:06  Spine Crawler  
  58  7:10  Zerg Ground Armor Level 1, Zerg Melee Weapons Level 1  
  58  7:12  Lair  
  58  7:16  Extractor  
  58  7:21  Drone x2  
  58  7:22  Drone x2  
  61  7:23  Drone  
  61  7:24  Drone x2  
  61  7:28  Drone  
  61  7:29  Roach Warren  
  64  7:33  Zergling x4  
  65  7:47  Zergling x8  
  65  7:48  Zergling x4  
  71  8:00  Overlord  
  71  8:01  Overlord  
  71  8:18  Glial Reconstitution  
  71  8:19  Extractor  
  70  8:20  Roach  
  70  8:21  Roach x16  
  104  8:33  Zergling x6  
  107  8:39  Hatchery  
  107  8:40  Overseer x4  
  104  8:42  Zergling x4  
  104  8:43  Zergling x2  
  104  8:47  Extractor  
  104  8:48  Drone x4  
  108  8:49  Extractor  
  108  8:50  Drone  
  108  8:54  Drone x3  
  113  8:58  Drone x2  
  113  9:00  Baneling x3  
  113  9:01  Baneling  
  113  9:02  Baneling x2  
  115  9:03  Baneling  
  115  9:05  Baneling x2  
  115  9:07  Baneling x2  
  115  9:08  Baneling  
  115  9:09  Baneling  
  115  9:17  Drone  
  115  9:18  Drone  
  92  9:31  Hydralisk Den  
  86  9:38  Zergling x2  
  86  9:39  Zergling x22  
  96  9:50  Drone  
Tags
 
Add a new tag
Caveats
  • Supply blocks, unpowered buildings, or Contaminate may cause inaccurate times.
  • Supply counts are checked every 10 seconds.